 Dungeon Crawl Stone Soup version 0.30.0-20-g3615ddf2f0 (webtiles) character file.

Game seed: 6037031360193756017

164140 qw the Severer (level 17, -7/118 HPs)
             Began as a Gargoyle Fighter on June 1, 2023.
             Was a High Priest of Okawaru.
             Mangled by a nagaraja
             ... wielding a +2 halberd of protection
              (39 damage)
             ... on level 4 of the Snake Pit.
             The game lasted 00:17:31 (27924 turns).

qw the Severer (Gargoyle Fighter)                  Turns: 27924, Time: 00:17:32

Health: -7/118     AC: 50    Str: 26    XL:     17   Next: 85%
Magic:  24/24      EV: 15    Int: 14    God:    Okawaru [*****.]
Gold:   1147       SH: 36    Dex: 11    Spells: 16/16 levels left

rFire   + . .        t - +1 broad axe (vamp)
rCold   + + .        I - +10 tower shield of the Old and Reckless {Fly}
rNeg    + . .        G - +8 plate armour "Kynujenk" {Stlth+}
rPois   inf          i - +2 helmet of the Tundras {rC+ Slay+3}
rElec   +            k - scarf {rC+ rF+}
rCorr   .            K - +2 pair of gloves
SInv    +            D - +1 pair of boots "Lejun" {Int+3 Dex+2}
Will    +....        C - amulet of regeneration Stlth
                     n - +5 ring of evasion
HPRegen 1.19/turn    e - ring of see invisible
MPRegen 0.19/turn

%: no passive effects
@: heroic, untranslocatable, flying, slowed, very slow
A: sickness immunity, AC +12, big wings, negative energy resistance 1,
electricity resistance, torment resistance 1, petrification resistance,
iridescent scales 1, large bone plates 1, robust 1
a: Renounce Religion, Heroism, Finesse, Duel


You were on level 4 of the Snake Pit.
You worshipped Okawaru.
Okawaru was extremely pleased with you.
You visited 5 branches of the dungeon, and saw 29 of its levels.

You collected 3495 gold pieces.
You spent 2348 gold pieces at shops.


Innate Abilities, Weirdness & Mutations

You are immune to sickness and miasma.
Your stone body is resilient. (AC +12)
You are immune to poison.
Your large and strong wings let you fly.
You resist negative energy. (rN+)
You are resistant to electric shocks. (rElec)
You are resistant to unholy torment.
You are immune to petrification.
You are partially covered in iridescent scales. (AC +2)
You are partially covered in large bone plates. (SH +4)
You are robust. (+10% HP)


   Skills:
 - Level 13.0(18.0) Fighting
 - Level 18.0(23.0) Axes
 - Level 7.0(12.0) Throwing
 + Level 12.2(17.2) Armour
 - Level 3.0(8.0) Dodging
 - Level 17.6(22.6) Shields
 - Level 10.0 Invocations


You had 16 spell levels left.
You didn't know any spells.
Your spell library was empty.

Inventory:

Hand Weapons
 t - a +1 vampiric broad axe (weapon)
 v - a +4 broad axe of flaming
Missiles
 b - 5 silver javelins (quivered)
 m - a boomerang of dispersal
 s - 23 javelins
 w - 30 boomerangs
 F - 2 silver boomerangs
Armour
 c - +0 acid dragon scales
 i - the +2 helmet of the Tundras (worn) {rC+ Slay+3}
   (You acquired it on level 5 of the Lair of Beasts)

   Slay:      It affects your accuracy & damage with ranged weapons and melee
   (+3).
   rC:        It protects you from cold.
 k - a scarf of resistance (worn)
 D - the +1 pair of boots "Lejun" (worn) {Int+3 Dex+2}
   (You acquired it on level 10 of the Dungeon)

   Int:       It affects your intelligence (+3).
   Dex:       It affects your dexterity (+2).
 G - the +8 plate armour "Kynujenk" (worn) {Stlth+}
   (You found it on level 12 of the Dungeon)

   Stlth:     It makes you more stealthy.
 H - a +2 cloak
 I - the +10 tower shield of the Old and Reckless (worn) {Fly}
   (You acquired it on level 1 of the Shoals)

   Fly:       It grants you flight.
 K - a +2 pair of gloves (worn)
Jewellery
 e - a ring of see invisible (right hand)
 n - a +5 ring of evasion (left hand)
 x - a ring of protection from cold
 y - a ring of ice
 A - a ring of fire
 B - a ring of fire
 C - an amulet of regeneration (around neck)
 E - a +4 ring of slaying {mikee}
Wands
 l - a wand of digging (13)
Scrolls
 a - 15 scrolls of identify
 g - 3 scrolls of enchant armour
 q - 18 scrolls of teleportation
 z - a scroll of brand weapon
Potions
 d - 7 potions of might
 f - 8 potions of lignification
 h - 10 potions of heal wounds
 j - 7 potions of attraction
 o - 13 potions of curing
 p - 7 potions of haste
 r - 3 potions of resistance
 u - 3 potions of magic
 M - a potion of cancellation
 N - 2 potions of mutation

Dungeon Overview and Level Annotations

Branches:
Dungeon (15/15)            Temple (0/1) D:5            Lair (5/5) D:9
 Shoals (3/4) Lair:2        Snake (4/4) Lair:3        Slime (0/5) Lair:4
    Orc (2/2) D:10            Elf (0/3) Orc:2        Vaults (0/5) D:13
 Depths (0/4) D:15

Altars:
Ashenzari
Dithmenos
Elyvilon
Gozag
Hepliaklqana
Kikubaaqudgha
Makhleb
Nemelex Xobeh
Okawaru
Qazlal
Ru
Sif Muna
Trog
Vehumet
Zin
The Shining One

Shops:
D:1 *   D:4 =   D:5 (   D:8 :   D:9 **   D:11 :   D:12 (   D:13 (   D:14 *
Orc:2 [**!   Shoals:2 (   Snake:1 [*[[*   Snake:3 *(

Portals:
Trove: D:12 (give +4 ice dragon scales)

Annotations:
D:6 3 runed translucent doors, qw's ghost, novice GrFi
D:15 2 transporters, Gosau's ghost, journeyman DsGl
Lair:4 1 runed translucent door, qw's ghost, journeyman GrFi
Lair:5 1 runed translucent door
Snake:3 3 runed translucent doors, qw's ghost, adept GrFi


Message History

The nagaraja hits you but does no damage.
The nagaraja constricts you.
The nagaraja gestures at you while chanting.
You barely resist. You block the naga warrior's attack.
The nagaraja spits poison at you.
The splash of poison hits you but does no damage.
You resist. The nagaraja constricts you.
A naga warrior comes into view. It is wielding a +0 trident.
You block the nagaraja's attack.
The naga warrior roars a battlecry!
The nagaraja goes into a battle-frenzy!
A salamander mystic comes into view. It is wielding a +0 quarterstaff.
The naga warrior hits you from afar with a +0 halberd.
You block the nagaraja's attack. The nagaraja constricts you.
You slice the nagaraja!!
The nagaraja is almost dead.
The nagaraja spits poison at you. You block the splash of poison.
A guardian serpent comes into view.
You block the nagaraja's attack. The nagaraja constricts you.
The naga warrior roars a battlecry!
You block the nagaraja's attack.
The naga warrior hits you from afar with a +0 halberd!!
The guardian serpent moves out of view.
27923 ||| DRINKING 11 potions of heal wounds.
You feel much better.
The nagaraja points at you and mumbles some strange words.
The bolt of poison hits you but does no damage.
You resist. The nagaraja constricts you.
The nagaraja hits you from afar with a +2 halberd of protection.
You block the nagaraja's attack. The nagaraja constricts you.
You block the naga warrior's attack.
The nagaraja hits you but does no damage.
The guardian serpent shouts!
You hit the nagaraja.
You kill the nagaraja!
Okawaru accepts your kill.
You hear a shout!
The nagaraja hits you from afar with a +2 halberd of protection!!!
You die...

####### ############
#:..... #?......../#
#..... ####........##
#.... ##..##......##.
#... ##....##....##.. .
#..##......##..##...
...N#N)#........#..#...#
SN.NNN%@..............##
...SN##)%.......#.)..##.
... ####.......##)..####
. ##..##.....##.).##
#....##...##.).##
......##..#...##
.......#.....## #
......))))..## ## ...
.....#))).## ####.


You could see a nagaraja (fast, strong), 4 naga warriors, 2 naga ritualists, a
guardian serpent and a black mamba.

Vanquished Creatures
  Vashnia (Snake:4)
  Jorgrun (D:13)
  Rupert (D:14)
  Donald (Orc:2)
  4 nagarajas (Snake:4)
  Nessos (D:13)
  Fannar (D:10)
  A merfolk javelineer (Shoals:2)
  8 hydras
  A salamander tyrant (Snake:4)
  A merfolk avatar (Shoals:2)
  An alligator snapping turtle (Shoals:2)
  Erica (D:8)
  6 anacondas
  An ogre mage (D:15)
  6 two-headed ogres
  A centaur warrior (D:13)
  10 naga warriors
  A satyr (Shoals:3)
  5 boulder beetles
  6 naga sharpshooters
  Urug (D:13)
  9 shock serpents
  2 orc high priests (Orc:2)
  2 skeletal warriors (D:15)
  Sonja (D:12)
  6 salamander mystics
  Amaemon (Lair:1)
  A fire crab (Lair:4)
  3 skysharks
  11 sea snakes
  A deep troll (D:13)
  A flayed ghost (D:15)
  Lodul (D:13)
  A death drake (shapeshifter) (D:13)
  8 naga ritualists
  A necromancer (D:15)
  2 orc knights (Orc:2)
  2 lindwurms
  A deep elf pyromancer (D:14)
  2 orc sorcerers
  An oklob plant (Lair:5)
  2 sphinx skeletons (D:15)
  9 fauns
  3 harpies (Shoals:1)
  14 mana vipers
  7 ugly things (D:14)
  13 salamanders
  8 cyclopes
  15 elephants
  6 manticores
  5 merfolk sirens
  6 guardian serpents
  Maurice (D:8)
  33 black mambas
  6 water nymphs
  Joseph (D:7)
  6 torpor snails
  7 cane toads
  Maggie (Lair:1)
  11 naga magi
  An orange demon (Lair:1)
  9 komodo dragons
  An unseen horror (D:11)
  2 efreet
  2 rime drakes
  A freezing wraith (D:15)
  5 yaktaurs (D:15)
  A queen bee (shapeshifter) (D:14)
  A troll (shapeshifter) (D:13)
  A polar bear (Lair:3)
  13 merfolk
  A queen bee (Lair:3)
  7 hornets (Lair:5)
  A hornet (shapeshifter) (D:13)
  4 trolls
  Prince Ribbit (D:7)
  7 blink frogs
  A wind drake (Shoals:3)
  4 tyrant leeches (Lair:5)
  11 dream sheep
  8 slime creatures
  7 snapping turtles
  A spriggan skeleton (D:15)
  3 shadows
  A water elemental (Shoals:1)
  2 wyverns
  4 vampires
  27 yaks
  5 wraiths
  4 basilisks
  5 redbacks (D:14)
  A yak (shapeshifter) (D:14)
  A golden eye (shapeshifter) (D:14)
  3 wargs
  11 vampire mosquitoes
  3 acid dragons
  17 water moccasins
  A glowing shapeshifter skeleton (D:15)
  22 nagas
  30 orc warriors
  A sky beast (D:4)
  4 black bears
  20 ogres
  11 wolves (Lair:3)
  8 centaurs
  A phantom (D:6)
  2 kobold brigands
  24 bullfrogs
  4 gnoll sergeants
  2 scorpions (D:5)
  6 wights
  17 killer bees
  An electric eel (Lair:1)
  4 howler monkeys
  2 jellies
  10 orc priests
  4 hounds
  4 sleepcaps
  7 iguanas
  15 orc wizards
  Ijyb (D:4)
  A mummy (D:5)
  22 gnolls
  10 adders
  2 white imps
  An ufetubus (D:6)
  5 dart slugs
  73 orcs
  5 ball pythons
  5 endoplasms
  4 giant cockroaches
  6 goblins
  7 hobgoblins
  8 jackals
  9 quokkas
  6 bats
  2 frilled lizards
  13 kobolds
  8 rats
836 creatures vanquished.

Notes
Turn   | Place    | Note
-------+----------+-------------------------------------------
     0 | D:1      | qw the Gargoyle Fighter began the quest for the Orb.
     0 | D:1      | Reached XP level 1. HP: 14/14 MP: 1/1
     0 | D:1      | 0 ||| qw: Version: 0.2-a-102-gdf20003
     0 | D:1      | 0 ||| qw: Game counter: 737
     0 | D:1      | 0 ||| qw: Always use a shield: true
     0 | D:1      | 0 ||| qw: God list: Okawaru
     0 | D:1      | 0 ||| qw: Allow faded altars: false
     0 | D:1      | 0 ||| qw: Do Orc after D:15 true
     0 | D:1      | 0 ||| qw: Do second Lair branch before Depths: true
     0 | D:1      | 0 ||| qw: Lair rune preference: random
     0 | D:1      | 0 ||| qw: Plans: Normal, Zot:1-4, Slime:5, God:TSO, Crypt,
                  | Tomb, Pan, Hells, Abyss, Win
     0 | D:1      | 0 ||| PLANNING D:1-11
    34 | D:1      | Reached skill level 2 in Axes
   113 | D:1      | 113 ||| Stepping ~*~*~tactically~*~*~ (hiding).
   114 | D:1      | 114 ||| Stepping ~*~*~tactically~*~*~ (hiding).
   118 | D:1      | Reached XP level 2. HP: 19/19 MP: 2/2
   178 | D:1      | 178 ||| Stepping ~*~*~tactically~*~*~ (hiding).
   276 | D:1      | 276 ||| Stepping ~*~*~tactically~*~*~ (hiding).
   277 | D:1      | 277 ||| Stepping ~*~*~tactically~*~*~ (hiding).
   395 | D:1      | Found Affury Qivum's Assorted Antiques.
   402 | D:1      | 402 ||| SHOPLISTING 2 cyan potions (52 gold, have 37).
   402 | D:1      | 402 ||| SHOPLISTING cloak (130 gold, have 37).
   402 | D:1      | 402 ||| BUYING emerald potion (26 gold).
   402 | D:1      | Bought an emerald potion for 26 gold pieces
   402 | D:1      | 402 ||| SHOPLISTING emerald potion (26 gold, have 11).
   402 | D:1      | 402 ||| SHOPLISTING mace (87 gold, have 11).
   402 | D:1      | 402 ||| SHOPLISTING scroll labelled CAESOUNIZO (29 gold,
                  | have 11).
   426 | D:1      | Reached skill level 3 in Axes
   590 | D:1      | 590 ||| Stepping ~*~*~tactically~*~*~ (hiding).
   594 | D:1      | Reached XP level 3. HP: 21/23 MP: 3/3
   611 | D:1      | 611 ||| Stepping ~*~*~tactically~*~*~ (stealth).
   895 | D:1      | 895 ||| UPGRADING to scarf of resistance.
   900 | D:1      | 900 ||| UPGRADING to +6 ring of strength.
   901 | D:1      | 901 ||| READING 4 scrolls labelled FIMEREX HEGOGG.
   902 | D:1      | 902 ||| READING 3 scrolls of enchant weapon.
   902 | D:1      | 902 ||| ENCHANTING +1 war axe.
   903 | D:1      | 903 ||| READING 2 scrolls of enchant weapon.
   903 | D:1      | 903 ||| ENCHANTING +2 war axe.
   904 | D:1      | 904 ||| READING scroll of enchant weapon.
   904 | D:1      | 904 ||| ENCHANTING +3 war axe.
   905 | D:1      | 905 ||| READING scroll labelled BOTRIR ASI.
   909 | D:1      | 909 ||| READING scroll labelled CYOLAO FISETE.
   950 | D:2      | 950 ||| Stepping ~*~*~tactically~*~*~ (hiding).
  1128 | D:2      | Reached XP level 4. HP: 28/28 MP: 4/4
  1131 | D:2      | 1131 ||| Stepping ~*~*~tactically~*~*~ (hiding).
  1134 | D:2      | 1134 ||| Stepping ~*~*~tactically~*~*~ (hiding).
  1540 | D:2      | Reached skill level 4 in Axes
  1571 | D:2      | 1571 ||| UPGRADING to +0 chain mail.
  1581 | D:2      | 1581 ||| DROPPING +0 scale mail.
  1582 | D:2      | 1582 ||| READING scroll labelled XUEKHL KYLUUSS.
  1583 | D:2      | 1583 ||| READING scroll labelled LATWIEPTUO.
  1584 | D:2      | 1584 ||| READING scroll labelled KEOPPA TOWURHA.
  1585 | D:2      | 1585 ||| READING scroll labelled MOFAOS RUCUSUEMM.
  1586 | D:2      | 1586 ||| DRINKING 2 sapphire potions.
  1633 | D:2      | 1633 ||| DRINKING 2 emerald potions.
  1634 | D:2      | 1634 ||| DRINKING 2 coppery potions.
  1635 | D:2      | 1635 ||| DRINKING 2 lumpy white potions.
  1636 | D:2      | 1636 ||| DRINKING potion of curing.
  1636 | D:2      | 1636 ||| (to cure confusion)
  1637 | D:2      | 1637 ||| DRINKING 3 fizzy coppery potions.
  1638 | D:2      | 1638 ||| DROPPING potion of ambrosia.
  1676 | D:3      | 1676 ||| READING scroll of enchant weapon.
  1676 | D:3      | 1676 ||| ENCHANTING +4 war axe of freezing.
  1707 | D:3      | You fall into a shaft and drop 3 floors!
  1709 | D:6      | Noticed an ogre
  1713 | D:6      | Reached XP level 5. HP: 32/32 MP: 5/5
  1715 | D:6      | Killed an ogre
  1716 | D:6      | Reached skill level 5 in Axes
  1716 | D:6      | Reached XP level 6. HP: 37/37 MP: 6/6
  1753 | D:6      | Found a shimmering blue altar of Sif Muna.
  1762 | D:6      | 1762 ||| READING scroll labelled GOHUNO ZA RUME.
  1775 | D:5      | Entered Level 5 of the Dungeon
  1776 | D:5      | 1776 ||| PLANNING OSSUARY
  1815 | D:5      | Found an ancient bone altar of Kikubaaqudgha.
  1816 | D:5      | 1816 ||| Stepping ~*~*~tactically~*~*~ (hiding).
  1817 | D:5      | 1817 ||| Stepping ~*~*~tactically~*~*~ (hiding).
  1818 | D:5      | 1818 ||| Stepping ~*~*~tactically~*~*~ (hiding).
  1824 | D:5      | Reached skill level 6 in Axes
  1856 | D:5      | Noticed a water moccasin
  1865 | D:5      | Killed a water moccasin
  1866 | D:5      | Reached XP level 7. HP: 43/43 MP: 7/7
  1922 | D:5      | Found Wiwaoh's Weapon Boutique.
  1928 | D:5      | 1928 ||| BUYING +0 flail (42 gold).
  1928 | D:5      | Bought a +0 flail for 42 gold pieces
  1928 | D:5      | 1928 ||| DROPPING +0 club.
  1934 | D:5      | 1934 ||| Stepping ~*~*~tactically~*~*~ (stealth).
  1935 | D:5      | 1935 ||| Stepping ~*~*~tactically~*~*~ (stealth).
  1974 | D:5      | Found a staircase to the Ecumenical Temple.
  2100 | D:5      | Found an iron altar of Okawaru.
  2107 | D:5      | Reached skill level 7 in Axes
  2203 | D:5      | Reached XP level 8. HP: 45/48 MP: 8/8
  2374 | D:5      | 2374 ||| RIP OSSUARY
  2399 | D:5      | 2399 ||| PLANNING OKAWARU WORSHIP
  2401 | D:5      | 2401 ||| READING scroll labelled XONOD PIT LIE.
  2415 | D:5      | Became a worshipper of Warmaster Okawaru
  2415 | D:5      | 2415 ||| PLANNING D:1-11
  2605 | D:4      | Noticed Ijyb
  2611 | D:4      | Killed Ijyb
  2649 | D:4      | 2649 ||| READING scroll labelled WOSIBLIALAY.
  2650 | D:4      | 2650 ||| READING 2 scrolls of identify.
  2650 | D:4      | 2650 ||| IDENTIFYING brown potion
  2651 | D:4      | 2651 ||| DROPPING potion of brilliance.
  2696 | D:3      | 2696 ||| Stepping ~*~*~tactically~*~*~ (stealth).
  2778 | D:3      | Found a burning altar of Makhleb.
  2782 | D:3      | Found a glowing silver altar of Zin.
  2782 | D:3      | Noticed an angel
  2783 | D:3      | Noticed an Executioner
  2893 | D:3      | 2893 ||| Stepping ~*~*~tactically~*~*~ (stealth).
  2919 | D:3      | Found a hazy altar of Hepliaklqana.
  2924 | D:3      | 2924 ||| READING scroll labelled PAGGEN PUQOMU.
  3066 | D:3      | Found a glowing golden altar of the Shining One.
  3104 | D:3      | 3104 ||| UPGRADING to +0 tower shield.
  3114 | D:3      | 3114 ||| DROPPING +0 buckler.
  3127 | D:3      | 3127 ||| READING scroll labelled KADU ZUIGGEEMU.
  3248 | D:3      | 3248 ||| READING 5 scrolls of identify.
  3248 | D:3      | 3248 ||| IDENTIFYING glowing yellow potion
  3249 | D:3      | 3249 ||| READING 4 scrolls of identify.
  3249 | D:3      | 3249 ||| IDENTIFYING cyan potion
  3250 | D:3      | 3250 ||| DROPPING potion of degeneration.
  3305 | D:4      | Found Saocoe's Jewellery Boutique.
  3319 | D:4      | 3319 ||| SHOPLISTING +6 ring of strength (360 gold, have
                  | 191).
  3319 | D:4      | 3319 ||| SHOPLISTING ring of protection from cold (250
                  | gold, have 191).
  3319 | D:4      | 3319 ||| BUYING ring of see invisible (150 gold).
  3319 | D:4      | Bought a ring of see invisible for 150 gold pieces
  3319 | D:4      | 3319 ||| SHOPLISTING ring of see invisible (150 gold, have
                  | 41).
  3319 | D:4      | 3319 ||| SHOPLISTING ring of willpower (250 gold, have 41).
  3748 | D:4      | Found a broken altar of Ashenzari.
  3833 | D:4      | 3833 ||| UPGRADING to +0 helmet.
  3838 | D:4      | 3838 ||| UPGRADING to ring of see invisible.
  3890 | D:5      | 3890 ||| DRINKING potion of curing.
  3890 | D:5      | 3890 ||| (to cure confusion)
  3891 | D:5      | 3891 ||| Stepping ~*~*~tactically~*~*~ (stealth).
  4171 | D:6      | 4171 ||| Stepping ~*~*~tactically~*~*~ (hiding).
  4311 | D:6      | 4311 ||| Stepping ~*~*~tactically~*~*~ (hiding).
  4312 | D:6      | 4312 ||| Stepping ~*~*~tactically~*~*~ (hiding).
  4348 | D:6      | Noticed a two-headed ogre
  4354 | D:6      | HP: 1/50 [two-headed ogre/+0 giant club (15)]
  4355 | D:6      | 4355 ||| READING scroll of teleportation.
  4356 | D:6      | 4356 ||| DRINKING 2 potions of heal wounds.
  4357 | D:6      | 4357 ||| DRINKING potion of heal wounds.
  4582 | D:6      | Found a runed translucent gate.
  4582 | D:6      | Found a runed translucent gate.
  4582 | D:6      | Found a runed translucent gate.
  4583 | D:6      | Noticed qw's ghost (novice GrFi)
  4583 | D:6      | Noticed qw's ghost (novice GrFi)
  4583 | D:6      | Noticed qw's ghost (novice GrFi)
  4737 | D:6      | 4737 ||| Stepping ~*~*~tactically~*~*~ (stealth).
  4757 | D:6      | Killed a two-headed ogre
  4757 | D:6      | Reached * piety under Okawaru
  4758 | D:6      | Reached XP level 9. HP: 42/54 MP: 9/9
  4920 | D:6      | 4920 ||| UPGRADING to amulet of the acrobat.
  4925 | D:6      | 4925 ||| UPGRADING to +5 ring of evasion.
  4927 | D:6      | 4927 ||| READING scroll labelled DOBROZXOHO.
  4928 | D:6      | 4928 ||| READING 3 scrolls labelled CAESOUNIZO.
  4929 | D:6      | 4929 ||| READING 6 scrolls of identify.
  4929 | D:6      | 4929 ||| IDENTIFYING orange potion
  4930 | D:6      | 4930 ||| DROPPING 2 scrolls of vulnerability.
  4942 | D:7      | 4942 ||| STAIRDANCE
  5099 | D:7      | Reached skill level 1 in Invocations
  5164 | D:7      | Noticed Prince Ribbit
  5165 | D:7      | 5165 ||| INVOKING Heroism.
  5173 | D:7      | Killed Prince Ribbit
  5174 | D:7      | Reached skill level 3 in Invocations
  5192 | D:7      | 5192 ||| Stepping ~*~*~tactically~*~*~ (stealth).
  5196 | D:7      | 5196 ||| Stepping ~*~*~tactically~*~*~ (stealth).
  5291 | D:7      | 5291 ||| INVOKING Heroism.
  5369 | D:7      | Found a sparkling altar of Nemelex Xobeh.
  5371 | D:7      | 5371 ||| INVOKING Heroism.
  5373 | D:7      | Noticed Joseph
  5382 | D:7      | 5382 ||| DRINKING potion of cancellation.
  5391 | D:7      | Killed Joseph
  5392 | D:7      | Reached skill level 9 in Shields
  5555 | D:7      | 5555 ||| Stepping ~*~*~tactically~*~*~ (hiding).
  5838 | D:7      | 5838 ||| UPGRADING to +0 pearl dragon scales.
  5848 | D:7      | 5848 ||| DROPPING +0 chain mail.
  5849 | D:7      | 5849 ||| READING scroll labelled WASHOE DATO.
  5850 | D:7      | 5850 ||| DRINKING 2 purple potions.
  5851 | D:7      | 5851 ||| READING 7 scrolls of identify.
  5851 | D:7      | 5851 ||| IDENTIFYING ruby potion
  5949 | D:8      | Reached ** piety under Okawaru
  6062 | D:8      | 6062 ||| INVOKING Heroism.
  6104 | D:8      | 6104 ||| Stepping ~*~*~tactically~*~*~ (stealth).
  6106 | D:8      | 6106 ||| Stepping ~*~*~tactically~*~*~ (stealth).
  6113 | D:8      | 6113 ||| Stepping ~*~*~tactically~*~*~ (stealth).
  6115 | D:8      | 6115 ||| Stepping ~*~*~tactically~*~*~ (stealth).
  6117 | D:8      | 6117 ||| Stepping ~*~*~tactically~*~*~ (hiding).
  6118 | D:8      | 6118 ||| Stepping ~*~*~tactically~*~*~ (hiding).
  6125 | D:8      | Reached XP level 10. HP: 57/59 MP: 13/13
  6132 | D:8      | 6132 ||| Stepping ~*~*~tactically~*~*~ (stealth).
  6133 | D:8      | 6133 ||| Stepping ~*~*~tactically~*~*~ (stealth).
  6138 | D:8      | 6138 ||| Stepping ~*~*~tactically~*~*~ (stealth).
  6139 | D:8      | 6139 ||| Stepping ~*~*~tactically~*~*~ (stealth).
  6252 | D:8      | 6252 ||| Stepping ~*~*~tactically~*~*~ (stealth).
  6265 | D:8      | Noticed Maurice
  6294 | D:8      | Killed Maurice
  6316 | D:8      | Found Begas's Book Shop.
  6352 | D:8      | Noticed Erica
  6353 | D:8      | 6353 ||| INVOKING Heroism.
  6362 | D:8      | Killed Erica
  6391 | D:8      | Found a white marble altar of Elyvilon.
  6631 | D:8      | Noticed a two-headed ogre
  6632 | D:8      | 6632 ||| INVOKING Heroism.
  6639 | D:8      | Killed a two-headed ogre
  6640 | D:8      | Reached skill level 3 in Throwing
  6716 | D:8      | 6716 ||| Stepping ~*~*~tactically~*~*~ (stealth).
  6717 | D:8      | 6717 ||| Stepping ~*~*~tactically~*~*~ (stealth).
  7142 | D:8      | 7142 ||| DROPPING +0 cloak.
  7278 | D:9      | Reached skill level 8 in Axes
  7340 | D:9      | 7340 ||| INVOKING Heroism.
  7354 | D:9      | Reached skill level 6 in Fighting
  7358 | D:9      | 7358 ||| Stepping ~*~*~tactically~*~*~ (stealth).
  7369 | D:9      | 7369 ||| Stepping ~*~*~tactically~*~*~ (stealth).
  7371 | D:9      | 7371 ||| Stepping ~*~*~tactically~*~*~ (hiding).
  7383 | D:9      | 7383 ||| Stepping ~*~*~tactically~*~*~ (hiding).
  7409 | D:9      | 7409 ||| INVOKING Heroism.
  7421 | D:9      | Reached *** piety under Okawaru
  7428 | D:9      | Reached skill level 9 in Axes
  7438 | D:9      | 7438 ||| Stepping ~*~*~tactically~*~*~ (stealth).
  7443 | D:9      | 7443 ||| INVOKING Heroism.
  7474 | D:9      | 7474 ||| FLEEEEING.
  7475 | D:9      | 7475 ||| FLEEEEING.
  7515 | D:9      | 7515 ||| Stepping ~*~*~tactically~*~*~ (stealth).
  7522 | D:9      | Reached XP level 11. HP: 64/64 MP: 14/14
  7536 | D:9      | 7536 ||| INVOKING Heroism.
  7609 | D:9      | Found a staircase to the Lair.
  7681 | D:9      | 7681 ||| Stepping ~*~*~tactically~*~*~ (stealth).
  7683 | D:9      | 7683 ||| Stepping ~*~*~tactically~*~*~ (hiding).
  7700 | D:9      | Reached skill level 12 in Shields
  7815 | D:9      | Found Syezeph's General Store.
  7819 | D:9      | Found Mazoal's Specific Store.
  7823 | D:9      | 7823 ||| BUYING potion of might (44 gold).
  7823 | D:9      | Bought a potion of might for 44 gold pieces
  8128 | D:9      | 8128 ||| PLANNING LAIR
  8161 | Lair:1   | Entered Level 1 of the Lair of Beasts
  8163 | Lair:1   | 8163 ||| INVOKING Heroism.
  8174 | Lair:1   | Received a gift from Okawaru
  8220 | Lair:1   | Noticed Maggie
  8221 | Lair:1   | 8221 ||| Stepping ~*~*~tactically~*~*~ (hiding).
  8222 | Lair:1   | 8222 ||| Stepping ~*~*~tactically~*~*~ (hiding).
  8229 | Lair:1   | 8229 ||| INVOKING Heroism.
  8236 | Lair:1   | Killed Maggie
  8278 | Lair:1   | 8278 ||| SWAPPING to +1 broad axe of draining.
  8279 | Lair:1   | 8279 ||| DROPPING +5 war axe of freezing.
  8290 | Lair:1   | 8290 ||| INVOKING Heroism.
  8383 | Lair:1   | 8383 ||| INVOKING Heroism.
  8502 | Lair:1   | Reached skill level 10 in Axes
  8510 | Lair:1   | Reached **** piety under Okawaru
  8592 | Lair:1   | 8592 ||| INVOKING Heroism.
  8604 | Lair:1   | Reached skill level 6 in Invocations
  8815 | Lair:1   | 8815 ||| Stepping ~*~*~tactically~*~*~ (hiding).
  8817 | Lair:1   | 8817 ||| Stepping ~*~*~tactically~*~*~ (hiding).
  8948 | Lair:1   | 8948 ||| Stepping ~*~*~tactically~*~*~ (hiding).
  8949 | Lair:1   | 8949 ||| Stepping ~*~*~tactically~*~*~ (hiding).
  8953 | Lair:1   | Noticed Amaemon
  8954 | Lair:1   | 8954 ||| INVOKING Heroism.
  8969 | Lair:1   | Killed Amaemon
  8970 | Lair:1   | Reached XP level 12. HP: 59/73 MP: 15/17
  9014 | Lair:1   | 9014 ||| DROPPING +0 flail.
  9053 | Lair:1   | 9053 ||| INVOKING Heroism.
  9061 | Lair:1   | Received a gift from Okawaru
  9068 | Lair:1   | 9068 ||| INVOKING Heroism.
  9363 | Lair:1   | 9363 ||| DRINKING 2 golden potions.
  9363 | Lair:1   | Gained mutation: Armour fits poorly on your strangely
                  | shaped body. [potion of mutation]
  9363 | Lair:1   | Gained mutation: You have a somewhat thin skeletal
                  | structure. (Dex +2, Stealth+) [potion of mutation]
  9364 | Lair:1   | 9364 ||| DRINKING potion of mutation.
  9364 | Lair:1   | Lost mutation: You have a somewhat thin skeletal structure.
                  | (Dex +2, Stealth+) [potion of mutation]
  9364 | Lair:1   | Lost mutation: Armour fits poorly on your strangely shaped
                  | body. [potion of mutation]
  9364 | Lair:1   | Gained mutation: You are robust. (+10% HP) [potion of
                  | mutation]
  9364 | Lair:1   | Gained mutation: You have hidden genetic potential. [potion
                  | of mutation]
  9438 | Lair:2   | Noticed a skyshark
  9439 | Lair:2   | 9439 ||| Stepping ~*~*~tactically~*~*~ (stealth).
  9440 | Lair:2   | 9440 ||| Stepping ~*~*~tactically~*~*~ (stealth).
  9443 | Lair:2   | 9443 ||| Stepping ~*~*~tactically~*~*~ (stealth).
  9444 | Lair:2   | 9444 ||| Stepping ~*~*~tactically~*~*~ (stealth).
  9458 | Lair:2   | Killed a skyshark
  9459 | Lair:2   | Reached skill level 6 in Armour
  9514 | Lair:2   | Found a staircase to the Shoals.
  9603 | Lair:2   | 9603 ||| INVOKING Heroism.
  9617 | Lair:2   | Received a gift from Okawaru
  9816 | Lair:2   | 9816 ||| INVOKING Heroism.
 10198 | Lair:2   | 10198 ||| READING 9 scrolls of identify.
 10198 | Lair:2   | 10198 ||| IDENTIFYING red potion
 10199 | Lair:2   | 10199 ||| DROPPING potion of invisibility.
 10220 | Lair:3   | 10220 ||| INVOKING Heroism.
 10244 | Lair:3   | Received a gift from Okawaru
 10247 | Lair:3   | Reached skill level 9 in Invocations
 10248 | Lair:3   | 10248 ||| INVOKING Heroism.
 10410 | Lair:3   | Reached skill level 11 in Axes
 10411 | Lair:3   | Reached ***** piety under Okawaru
 10411 | Lair:3   | Received a gift from Okawaru
 10540 | Lair:3   | 10540 ||| DROPPING +1 demon whip of venom.
 10659 | Lair:3   | 10659 ||| Stepping ~*~*~tactically~*~*~ (stealth).
 10663 | Lair:3   | 10663 ||| Stepping ~*~*~tactically~*~*~ (stealth).
 10934 | Lair:3   | Reached XP level 13. HP: 81/85 MP: 20/20
 10984 | Lair:3   | 10984 ||| Stepping ~*~*~tactically~*~*~ (stealth).
 11009 | Lair:3   | Found a staircase to the Snake Pit.
 11045 | Lair:3   | 11045 ||| INVOKING Heroism.
 11215 | Lair:4   | 11215 ||| INVOKING Heroism.
 11232 | Lair:4   | Reached skill level 9 in Fighting
 11247 | Lair:4   | Gained mutation: You are partially covered in large bone
                  | plates. (SH +4) [hidden potential]
 11258 | Lair:4   | Found a runed translucent door.
 11258 | Lair:4   | Noticed qw's ghost (journeyman GrFi)
 11461 | Lair:4   | Received a gift from Okawaru
 11532 | Lair:4   | Found a staircase to the Slime Pits.
 11632 | Lair:4   | 11632 ||| Stepping ~*~*~tactically~*~*~ (stealth).
 11732 | Lair:4   | 11732 ||| INVOKING Heroism.
 11733 | Lair:4   | 11733 ||| INVOKING Finesse.
 11738 | Lair:4   | 11738 ||| SWAPPING to +1 hand axe of flaming.
 11745 | Lair:4   | 11745 ||| SWAPPING to +1 broad axe of draining.
 11994 | Lair:4   | 11994 ||| INVOKING Heroism.
 11995 | Lair:4   | 11995 ||| SWAPPING to +1 hand axe of flaming.
 12006 | Lair:4   | 12006 ||| SWAPPING to +1 broad axe of draining.
 12034 | Lair:4   | 12034 ||| INVOKING Finesse.
 12050 | Lair:4   | 12050 ||| SWAPPING to +1 hand axe of flaming.
 12056 | Lair:4   | 12056 ||| INVOKING Heroism.
 12058 | Lair:4   | Reached skill level 12 in Axes
 12058 | Lair:4   | 12058 ||| SWAPPING to +1 broad axe of draining.
 12095 | Lair:4   | 12095 ||| INVOKING Finesse.
 12096 | Lair:4   | 12096 ||| INVOKING Heroism.
 12100 | Lair:4   | 12100 ||| SWAPPING to +1 hand axe of flaming.
 12107 | Lair:4   | Received a gift from Okawaru
 12108 | Lair:4   | 12108 ||| SWAPPING to +1 broad axe of draining.
 12257 | Lair:4   | 12257 ||| DROPPING ring of flight.
 12258 | Lair:4   | 12258 ||| READING scroll labelled FIC QE CAIM.
 12307 | Lair:4   | 12307 ||| DRINKING 2 puce potions.
 12308 | Lair:4   | 12308 ||| DROPPING potion of flight.
 12324 | Lair:5   | Entered Level 5 of the Lair of Beasts
 12328 | Lair:5   | Found a shadowy altar of Dithmenos.
 12329 | Lair:5   | 12329 ||| INVOKING Heroism.
 12522 | Lair:5   | Found a runed translucent door.
 12523 | Lair:5   | Noticed a fire dragon
 12524 | Lair:5   | 12524 ||| INVOKING Heroism.
 12579 | Lair:5   | 12579 ||| INVOKING Heroism.
 12597 | Lair:5   | 12597 ||| INVOKING Heroism.
 12817 | Lair:5   | 12817 ||| Stepping ~*~*~tactically~*~*~ (stealth).
 12831 | Lair:5   | 12831 ||| INVOKING Heroism.
 12983 | Lair:5   | 12983 ||| INVOKING Heroism.
 13001 | Lair:5   | Gained mutation: Your large and strong wings let you fly.
                  | [Gargoyle growth]
 13001 | Lair:5   | Reached XP level 14. HP: 96/96 MP: 21/21
 13038 | Lair:5   | 13038 ||| INVOKING Heroism.
 13039 | Lair:5   | 13039 ||| INVOKING Finesse.
 13044 | Lair:5   | 13044 ||| SWAPPING to +1 hand axe of flaming.
 13048 | Lair:5   | 13048 ||| SWAPPING to +1 broad axe of draining.
 13107 | Lair:5   | 13107 ||| Stepping ~*~*~tactically~*~*~ (stealth).
 13154 | Lair:5   | 13154 ||| Stepping ~*~*~tactically~*~*~ (stealth).
 13155 | Lair:5   | 13155 ||| Stepping ~*~*~tactically~*~*~ (stealth).
 13159 | Lair:5   | 13159 ||| Stepping ~*~*~tactically~*~*~ (stealth).
 13177 | Lair:5   | 13177 ||| INVOKING Heroism.
 13193 | Lair:5   | Gained mutation: You are partially covered in iridescent
                  | scales. (AC +2) [hidden potential]
 13193 | Lair:5   | Lost mutation: You have hidden genetic potential. [hidden
                  | potential expressed]
 14073 | Lair:5   | 14073 ||| PLANNING D:1-11
 14073 | Lair:5   | 14073 ||| UPGRADING to +0 pair of boots.
 14078 | Lair:5   | 14078 ||| DROPPING scarf of invisibility.
 14079 | Lair:5   | 14079 ||| UPGRADING to amulet of regeneration.
 14089 | Lair:5   | 14089 ||| DROPPING amulet of the acrobat.
 14090 | Lair:5   | 14090 ||| READING scroll labelled QIOCVOBARI.
 14090 | Lair:5   | Identified a scroll of acquirement
 14090 | Lair:5   | 14090 ||| ACQUIRING +2 helmet of the Tundras {rC+ Slay+3}
 14090 | Lair:5   | Acquired the +2 helmet of the Tundras {rC+ Slay+3}
 14092 | Lair:5   | 14092 ||| UPGRADING to +2 helmet of the Tundras {rC+
                  | Slay+3}.
 14102 | Lair:5   | 14102 ||| DROPPING +0 helmet.
 14179 | D:10     | Entered Level 10 of the Dungeon
 14417 | D:10     | 14417 ||| READING scroll of acquirement.
 14417 | D:10     | 14417 ||| ACQUIRING +1 pair of boots "Lejun" {Int+3 Dex+2}
 14417 | D:10     | Acquired the +1 pair of boots "Lejun" {Int+3 Dex+2}
 14419 | D:10     | 14419 ||| UPGRADING to +1 pair of boots "Lejun" {Int+3
                  | Dex+2}.
 14429 | D:10     | 14429 ||| DROPPING +0 pair of boots.
 14656 | D:10     | Found a staircase to the Orcish Mines.
 15006 | D:10     | Noticed Fannar
 15007 | D:10     | 15007 ||| Stepping ~*~*~tactically~*~*~ (hiding).
 15025 | D:10     | Killed Fannar
 15200 | D:11     | 15200 ||| READING scroll of enchant armour.
 15200 | D:11     | 15200 ||| ENCHANTING +0 pearl dragon scales.
 15263 | D:11     | Found Xyth's Book Boutique.
 15410 | D:11     | 15410 ||| INVOKING Heroism.
 15411 | D:11     | 15411 ||| INVOKING Finesse.
 15420 | D:11     | Received a gift from Okawaru
 15492 | D:11     | 15492 ||| Stepping ~*~*~tactically~*~*~ (hiding).
 15740 | D:11     | 15740 ||| PLANNING D
 15791 | D:12     | Found Haijauh's Antique Weapon Emporium.
 15792 | D:12     | Found a radiant altar of Vehumet.
 15804 | D:12     | Reached skill level 3 in Dodging
 15888 | D:12     | 15888 ||| DRINKING 8 potions of curing.
 15888 | D:12     | 15888 ||| (to cure confusion)
 15892 | D:12     | 15892 ||| DRINKING 7 potions of curing.
 15892 | D:12     | 15892 ||| (to cure confusion)
 15964 | D:12     | Reached skill level 13 in Axes
 16003 | D:12     | Found a portal to a secret trove of treasure.
 16066 | D:12     | Identified the +8 plate armour "Kynujenk" {Stlth+}
 16363 | D:12     | 16363 ||| READING scroll of enchant weapon.
 16363 | D:12     | 16363 ||| ENCHANTING +1 broad axe of draining.
 16364 | D:12     | Noticed Sonja
 16365 | D:12     | 16365 ||| INVOKING Finesse.
 16369 | D:12     | 16369 ||| Stepping ~*~*~tactically~*~*~ (hiding).
 16370 | D:12     | 16370 ||| Stepping ~*~*~tactically~*~*~ (hiding).
 16371 | D:12     | 16371 ||| Stepping ~*~*~tactically~*~*~ (hiding).
 16372 | D:12     | 16372 ||| Stepping ~*~*~tactically~*~*~ (hiding).
 16387 | D:12     | Killed Sonja
 16388 | D:12     | Reached skill level 15 in Shields
 16577 | D:12     | 16577 ||| DROPPING +1 cloak of poison resistance.
 16578 | D:12     | 16578 ||| UPGRADING to +8 plate armour "Kynujenk" {Stlth+}.
 16588 | D:12     | 16588 ||| DROPPING +1 pearl dragon scales.
 16589 | D:12     | 16589 ||| READING scroll labelled XUOJ OR GITEXT.
 16630 | D:13     | 16630 ||| FLEEEEING.
 16631 | D:13     | 16631 ||| FLEEEEING.
 16632 | D:13     | 16632 ||| FLEEEEING.
 16633 | D:13     | 16633 ||| FLEEEEING.
 16634 | D:13     | 16634 ||| FLEEEEING.
 16635 | D:13     | 16635 ||| STAIRDANCE
 16739 | D:13     | 16739 ||| STAIRDANCE
 16741 | D:12     | 16741 ||| INVOKING Heroism.
 16742 | D:12     | 16742 ||| SWAPPING to +1 hand axe of flaming.
 16753 | D:12     | 16753 ||| SWAPPING to +2 broad axe of draining.
 16772 | D:13     | Noticed Urug
 16773 | D:13     | 16773 ||| INVOKING Finesse.
 16774 | D:13     | 16774 ||| INVOKING Finesse.
 16788 | D:13     | 16788 ||| INVOKING Heroism.
 16789 | D:13     | Killed Urug
 16908 | D:13     | Noticed Nessos
 16933 | D:13     | Killed Nessos
 16940 | D:13     | Found Dumox's Antique Weapon Boutique.
 16973 | D:13     | 16973 ||| Stepping ~*~*~tactically~*~*~ (stealth).
 16975 | D:13     | 16975 ||| Stepping ~*~*~tactically~*~*~ (stealth).
 16981 | D:13     | Reached skill level 9 in Armour
 16989 | D:13     | Noticed Lodul
 17007 | D:13     | Killed Lodul
 17218 | D:13     | 17218 ||| Stepping ~*~*~tactically~*~*~ (hiding).
 17220 | D:13     | 17220 ||| INVOKING Heroism.
 17253 | D:13     | Received a gift from Okawaru
 17278 | D:13     | Found a gate to the Vaults.
 17305 | D:13     | Noticed Jorgrun
 17306 | D:13     | 17306 ||| INVOKING Heroism.
 17307 | D:13     | 17307 ||| INVOKING Finesse.
 17322 | D:13     | Killed Jorgrun
 17323 | D:13     | 17323 ||| Stepping ~*~*~tactically~*~*~ (hiding).
 17326 | D:13     | 17326 ||| Stepping ~*~*~tactically~*~*~ (hiding).
 17327 | D:13     | 17327 ||| Stepping ~*~*~tactically~*~*~ (hiding).
 17334 | D:13     | Received a gift from Okawaru
 17399 | D:13     | Found a sacrificial altar of Ru.
 17401 | D:13     | 17401 ||| INVOKING Heroism.
 17402 | D:13     | 17402 ||| SWAPPING to +1 hand axe of flaming.
 17409 | D:13     | 17409 ||| SWAPPING to +2 broad axe of draining.
 17491 | D:13     | 17491 ||| Stepping ~*~*~tactically~*~*~ (hiding).
 17492 | D:13     | 17492 ||| Stepping ~*~*~tactically~*~*~ (hiding).
 17498 | D:13     | Reached skill level 14 in Axes
 17991 | D:14     | Received a gift from Okawaru
 18017 | D:14     | 18017 ||| INVOKING Heroism.
 18129 | D:14     | 18129 ||| Stepping ~*~*~tactically~*~*~ (hiding).
 18194 | D:14     | 18194 ||| INVOKING Heroism.
 18247 | D:14     | 18247 ||| INVOKING Heroism.
 18248 | D:14     | 18248 ||| SWAPPING to +1 hand axe of flaming.
 18257 | D:14     | 18257 ||| SWAPPING to +2 broad axe of draining.
 18260 | D:14     | Reached XP level 15. HP: 95/101 MP: 20/22
 18296 | D:14     | Found Haykh's General Store.
 18306 | D:14     | 18306 ||| READING 16 scrolls of identify.
 18306 | D:14     | 18306 ||| IDENTIFYING amethyst potion
 18338 | D:14     | 18338 ||| DROPPING +1 war axe of draining.
 18437 | D:14     | 18437 ||| Stepping ~*~*~tactically~*~*~ (stealth).
 18439 | D:14     | 18439 ||| Stepping ~*~*~tactically~*~*~ (stealth).
 18748 | D:14     | 18748 ||| DRINKING 9 potions of curing.
 18748 | D:14     | 18748 ||| (to cure confusion)
 18751 | D:14     | 18751 ||| DRINKING 8 potions of curing.
 18751 | D:14     | 18751 ||| (to cure confusion)
 18776 | D:14     | Noticed Rupert
 18777 | D:14     | 18777 ||| INVOKING Heroism.
 18790 | D:14     | Killed Rupert
 18829 | D:14     | 18829 ||| DROPPING potion of berserk rage.
 18852 | D:15     | Entered Level 15 of the Dungeon
 18890 | D:15     | 18890 ||| Stepping ~*~*~tactically~*~*~ (hiding).
 18936 | D:15     | Found a transporter.
 18944 | D:15     | Found a bloodstained altar of Trog.
 18955 | D:15     | Noticed Gosau's ghost (journeyman DsGl)
 18979 | D:15     | 18979 ||| INVOKING Heroism.
 19016 | D:15     | 19016 ||| INVOKING Heroism.
 19052 | D:15     | 19052 ||| READING scroll of acquirement.
 19052 | D:15     | 19052 ||| ACQUIRING +0 vampiric broad axe
 19052 | D:15     | Acquired a +0 vampiric broad axe
 19054 | D:15     | 19054 ||| SWAPPING to +0 vampiric broad axe.
 19055 | D:15     | 19055 ||| DROPPING +2 broad axe of draining.
 19057 | D:15     | Found a staircase to the Depths.
 19110 | D:15     | 19110 ||| Stepping ~*~*~tactically~*~*~ (stealth).
 19115 | D:15     | 19115 ||| INVOKING Heroism.
 19119 | D:15     | 19119 ||| Stepping ~*~*~tactically~*~*~ (hiding).
 19130 | D:15     | Paralysed by an ogre mage for 4 turns
 19161 | D:15     | 19161 ||| Stepping ~*~*~tactically~*~*~ (stealth).
 19218 | D:15     | Found a transporter.
 19219 | D:15     | Noticed an orc warlord
 19306 | D:15     | 19306 ||| Stepping ~*~*~tactically~*~*~ (stealth).
 19308 | D:15     | 19308 ||| Stepping ~*~*~tactically~*~*~ (hiding).
 19422 | D:15     | 19422 ||| Stepping ~*~*~tactically~*~*~ (stealth).
 19426 | D:15     | 19426 ||| Stepping ~*~*~tactically~*~*~ (stealth).
 19427 | D:15     | 19427 ||| Stepping ~*~*~tactically~*~*~ (stealth).
 19721 | D:15     | 19721 ||| PLANNING ORC
 19721 | D:15     | 19721 ||| DROPPING ring of magical power.
 19867 | Orc:1    | Entered Level 1 of the Orcish Mines
 19867 | Orc:1    | You are sucked into a shaft and drop 1 floor!
 19867 | Orc:2    | Entered Level 2 of the Orcish Mines
 19871 | Orc:2    | 19871 ||| INVOKING Heroism.
 19931 | Orc:2    | Reached skill level 6 in Throwing
 19969 | Orc:1    | Received a gift from Okawaru
 19980 | Orc:1    | 19980 ||| INVOKING Heroism.
 20240 | Orc:2    | 20240 ||| Stepping ~*~*~tactically~*~*~ (hiding).
 20368 | Orc:2    | Noticed Donald
 20369 | Orc:2    | 20369 ||| INVOKING Heroism.
 20370 | Orc:2    | 20370 ||| INVOKING Finesse.
 20371 | Orc:2    | 20371 ||| Stepping ~*~*~tactically~*~*~ (stealth).
 20372 | Orc:2    | 20372 ||| Stepping ~*~*~tactically~*~*~ (stealth).
 20377 | Orc:2    | 20377 ||| Stepping ~*~*~tactically~*~*~ (hiding).
 20378 | Orc:2    | 20378 ||| Stepping ~*~*~tactically~*~*~ (hiding).
 20405 | Orc:2    | Killed Donald
 20419 | Orc:2    | 20419 ||| Stepping ~*~*~tactically~*~*~ (hiding).
 20420 | Orc:2    | 20420 ||| Stepping ~*~*~tactically~*~*~ (hiding).
 20421 | Orc:2    | 20421 ||| Stepping ~*~*~tactically~*~*~ (hiding).
 20425 | Orc:2    | 20425 ||| Stepping ~*~*~tactically~*~*~ (hiding).
 20435 | Orc:2    | Reached skill level 15 in Axes
 20456 | Orc:2    | 20456 ||| Stepping ~*~*~tactically~*~*~ (hiding).
 20654 | Orc:2    | 20654 ||| DROPPING +1 hand axe of flaming.
 20776 | Orc:2    | 20776 ||| Stepping ~*~*~tactically~*~*~ (stealth).
 20784 | Orc:2    | 20784 ||| INVOKING Heroism.
 20819 | Orc:2    | Found a staircase to the Elven Halls.
 20896 | Orc:2    | Found Qiotiph's Assorted Antiques.
 20896 | Orc:2    | Found Ihicat's Assorted Antiques.
 20896 | Orc:2    | Found Guxeh's Antique Armour Shoppe.
 20900 | Orc:2    | Found Fiusicil's Distillery.
 20904 | Orc:2    | 20904 ||| BUYING emerald ring (140 gold).
 20904 | Orc:2    | Bought an emerald ring for 140 gold pieces
 20904 | Orc:2    | 20904 ||| BUYING pair of gloves (126 gold).
 20904 | Orc:2    | Bought a pair of gloves for 126 gold pieces
 20905 | Orc:2    | 20905 ||| BUYING potion of magic (240 gold).
 20905 | Orc:2    | Bought a potion of magic for 240 gold pieces
 20905 | Orc:2    | 20905 ||| BUYING scroll of teleportation (90 gold).
 20905 | Orc:2    | Bought a scroll of teleportation for 90 gold pieces
 20907 | Orc:2    | 20907 ||| BUYING glowing hat (224 gold).
 20907 | Orc:2    | Bought a glowing hat for 224 gold pieces
 20907 | Orc:2    | 20907 ||| BUYING pair of embroidered gloves (240 gold).
 20907 | Orc:2    | Bought a pair of embroidered gloves for 240 gold pieces
 20907 | Orc:2    | 20907 ||| BUYING runed helmet (240 gold).
 20907 | Orc:2    | Bought a runed helmet for 240 gold pieces
 20912 | Orc:2    | 20912 ||| BUYING potion of attraction (36 gold).
 20912 | Orc:2    | Bought a potion of attraction for 36 gold pieces
 20912 | Orc:2    | 20912 ||| BUYING potion of cancellation (96 gold).
 20912 | Orc:2    | Bought a potion of cancellation for 96 gold pieces
 20912 | Orc:2    | 20912 ||| BUYING potion of curing (36 gold).
 20912 | Orc:2    | Bought a potion of curing for 36 gold pieces
 20912 | Orc:2    | 20912 ||| BUYING potion of curing (36 gold).
 20912 | Orc:2    | Bought a potion of curing for 36 gold pieces
 20912 | Orc:2    | 20912 ||| BUYING potion of heal wounds (60 gold).
 20912 | Orc:2    | Bought a potion of heal wounds for 60 gold pieces
 20912 | Orc:2    | 20912 ||| BUYING potion of heal wounds (60 gold).
 20912 | Orc:2    | Bought a potion of heal wounds for 60 gold pieces
 20912 | Orc:2    | 20912 ||| BUYING potion of lignification (36 gold).
 20912 | Orc:2    | Bought a potion of lignification for 36 gold pieces
 20912 | Orc:2    | 20912 ||| BUYING potion of mutation (96 gold).
 20912 | Orc:2    | Bought a potion of mutation for 96 gold pieces
 21004 | Orc:2    | 21004 ||| Stepping ~*~*~tactically~*~*~ (stealth).
 21072 | Orc:2    | 21072 ||| PLANNING SNAKE:1-3
 21072 | Orc:2    | 21072 ||| DROPPING scarf of harm.
 21073 | Orc:2    | 21073 ||| UPGRADING to +0 pair of gloves.
 21078 | Orc:2    | 21078 ||| DROPPING +2 hat.
 21079 | Orc:2    | 21079 ||| UPGRADING to +2 pair of gloves.
 21089 | Orc:2    | 21089 ||| DROPPING +0 pair of gloves.
 21090 | Orc:2    | 21090 ||| DROPPING +1 helmet.
 21091 | Orc:2    | 21091 ||| DROPPING +6 ring of strength.
 21193 | Snake:1  | Entered Level 1 of the Snake Pit
 21225 | Snake:1  | Found Cocaet's Armour Shoppe.
 21235 | Snake:1  | 21235 ||| SHOPLISTING +11 plate armour of the Cricket
                  | {Dex+3} (1734 gold, have 954).
 21262 | Snake:1  | Found Pukk's Assorted Antiques.
 21296 | Snake:1  | Identified the +8 mace "Kidyhom" {freeze, rElec Int+4
                  | Dex-4}
 21297 | Snake:1  | 21297 ||| Stepping ~*~*~tactically~*~*~ (hiding).
 21356 | Snake:1  | Found Fecim's Antique Armour Boutique.
 21367 | Snake:1  | 21367 ||| BUYING pair of embroidered gloves (330 gold).
 21367 | Snake:1  | Bought a pair of embroidered gloves for 330 gold pieces
 21370 | Snake:1  | 21370 ||| Stepping ~*~*~tactically~*~*~ (hiding).
 21556 | Snake:1  | 21556 ||| Stepping ~*~*~tactically~*~*~ (hiding).
 21577 | Snake:1  | Received a gift from Okawaru
 21595 | Snake:1  | Reached XP level 16. HP: 111/111 MP: 10/23
 21604 | Snake:1  | Reached skill level 12 in Fighting
 21713 | Snake:1  | 21713 ||| Stepping ~*~*~tactically~*~*~ (stealth).
 21714 | Snake:1  | 21714 ||| Stepping ~*~*~tactically~*~*~ (stealth).
 21851 | Snake:1  | Found Gaugatos's Armour Emporium.
 21909 | Snake:1  | Found Zis Ofifoll's Gadget Gallery.
 21922 | Snake:1  | 21922 ||| DROPPING +2 pair of gloves of infusion.
 21923 | Snake:1  | 21923 ||| DROPPING +6 ring of dexterity.
 21986 | Snake:2  | 21986 ||| Stepping ~*~*~tactically~*~*~ (hiding).
 21989 | Snake:2  | 21989 ||| Stepping ~*~*~tactically~*~*~ (hiding).
 21995 | Snake:2  | 21995 ||| INVOKING Heroism.
 22086 | Snake:2  | 22086 ||| Stepping ~*~*~tactically~*~*~ (hiding).
 22315 | Snake:2  | 22315 ||| Stepping ~*~*~tactically~*~*~ (hiding).
 22361 | Snake:2  | 22361 ||| INVOKING Heroism.
 22524 | Snake:2  | Found Vagij's Neck Hole.
 22527 | Snake:2  | 22527 ||| Stepping ~*~*~tactically~*~*~ (hiding).
 22702 | Snake:2  | 22702 ||| Stepping ~*~*~tactically~*~*~ (hiding).
 22715 | Snake:2  | Received a gift from Okawaru
 22730 | Snake:2  | 22730 ||| Stepping ~*~*~tactically~*~*~ (hiding).
 22732 | Snake:2  | 22732 ||| Stepping ~*~*~tactically~*~*~ (hiding).
 22762 | Snake:2  | 22762 ||| Stepping ~*~*~tactically~*~*~ (hiding).
 22871 | Snake:2  | 22871 ||| DROPPING +1 cloak.
 23021 | Snake:3  | Received a gift from Okawaru
 23062 | Snake:3  | Found a runed translucent gate.
 23063 | Snake:3  | Found a runed translucent gate.
 23063 | Snake:3  | Found a runed translucent gate.
 23064 | Snake:3  | Found an opulent altar of Gozag.
 23064 | Snake:3  | Found Vauntawui's Assorted Antiques.
 23064 | Snake:3  | Noticed qw's ghost (adept GrFi)
 23071 | Snake:3  | Found Zuomaick's Antique Weapon Emporium.
 23218 | Snake:3  | 23218 ||| Stepping ~*~*~tactically~*~*~ (stealth).
 23220 | Snake:3  | 23220 ||| Stepping ~*~*~tactically~*~*~ (stealth).
 23241 | Snake:3  | Reached skill level 16 in Axes
 23282 | Snake:3  | 23282 ||| Stepping ~*~*~tactically~*~*~ (stealth).
 23283 | Snake:3  | 23283 ||| Stepping ~*~*~tactically~*~*~ (stealth).
 23303 | Snake:3  | Received a gift from Okawaru
 23305 | Snake:3  | 23305 ||| DROPPING +0 heavy broad axe.
 23340 | Snake:3  | 23340 ||| Stepping ~*~*~tactically~*~*~ (stealth).
 23341 | Snake:3  | 23341 ||| Stepping ~*~*~tactically~*~*~ (stealth).
 23351 | Snake:3  | 23351 ||| Stepping ~*~*~tactically~*~*~ (hiding).
 23415 | Snake:3  | 23415 ||| Stepping ~*~*~tactically~*~*~ (hiding).
 23422 | Snake:3  | 23422 ||| Stepping ~*~*~tactically~*~*~ (stealth).
 23428 | Snake:3  | 23428 ||| Stepping ~*~*~tactically~*~*~ (stealth).
 23430 | Snake:3  | 23430 ||| Stepping ~*~*~tactically~*~*~ (hiding).
 23431 | Snake:3  | 23431 ||| Stepping ~*~*~tactically~*~*~ (hiding).
 23432 | Snake:3  | 23432 ||| Stepping ~*~*~tactically~*~*~ (hiding).
 23434 | Snake:3  | 23434 ||| Stepping ~*~*~tactically~*~*~ (hiding).
 23655 | Snake:3  | 23655 ||| Stepping ~*~*~tactically~*~*~ (hiding).
 23656 | Snake:3  | 23656 ||| Stepping ~*~*~tactically~*~*~ (hiding).
 23657 | Snake:3  | 23657 ||| Stepping ~*~*~tactically~*~*~ (hiding).
 23735 | Snake:3  | 23735 ||| Stepping ~*~*~tactically~*~*~ (stealth).
 23752 | Snake:3  | 23752 ||| INVOKING Heroism.
 23775 | Snake:3  | Reached skill level 12 in Armour
 23822 | Snake:3  | 23822 ||| INVOKING Heroism.
 24079 | Snake:3  | 24079 ||| INVOKING Heroism.
 24092 | Snake:3  | Received a gift from Okawaru
 24174 | Snake:3  | 24174 ||| PLANNING SHOALS:1-3
 24276 | Shoals:1 | Entered Level 1 of the Shoals
 24277 | Shoals:1 | 24277 ||| Stepping ~*~*~tactically~*~*~ (hiding).
 24277 | Shoals:1 | Found a stormy altar of Qazlal.
 24362 | Shoals:1 | 24362 ||| Stepping ~*~*~tactically~*~*~ (hiding).
 24363 | Shoals:1 | 24363 ||| Stepping ~*~*~tactically~*~*~ (hiding).
 24365 | Shoals:1 | 24365 ||| Stepping ~*~*~tactically~*~*~ (hiding).
 24465 | Shoals:1 | 24465 ||| READING scroll of acquirement.
 24465 | Shoals:1 | 24465 ||| ACQUIRING +10 tower shield of the Old and
                  | Reckless {Fly}
 24465 | Shoals:1 | Acquired the +10 tower shield of the Old and Reckless {Fly}
 24467 | Shoals:1 | 24467 ||| DROPPING +1 helmet.
 24538 | Shoals:1 | 24538 ||| Stepping ~*~*~tactically~*~*~ (hiding).
 24539 | Shoals:1 | 24539 ||| INVOKING Heroism.
 24600 | Shoals:1 | 24600 ||| INVOKING Heroism.
 24625 | Shoals:1 | 24625 ||| Stepping ~*~*~tactically~*~*~ (hiding).
 24626 | Shoals:1 | 24626 ||| Stepping ~*~*~tactically~*~*~ (hiding).
 25186 | Shoals:1 | 25186 ||| UPGRADING to +10 tower shield of the Old and
                  | Reckless {Fly}.
 25196 | Shoals:1 | 25196 ||| DROPPING +0 tower shield.
 25237 | Shoals:2 | 25237 ||| INVOKING Heroism.
 25242 | Shoals:2 | Reached XP level 17. HP: 116/116 MP: 21/24
 25275 | Shoals:2 | Reached skill level 17 in Axes
 25287 | Shoals:2 | 25287 ||| Stepping ~*~*~tactically~*~*~ (hiding).
 25316 | Shoals:2 | 25316 ||| Stepping ~*~*~tactically~*~*~ (stealth).
 25319 | Shoals:2 | 25319 ||| Stepping ~*~*~tactically~*~*~ (hiding).
 25321 | Shoals:2 | 25321 ||| Stepping ~*~*~tactically~*~*~ (hiding).
 25343 | Shoals:2 | 25343 ||| Stepping ~*~*~tactically~*~*~ (stealth).
 25410 | Shoals:2 | 25410 ||| INVOKING Heroism.
 25459 | Shoals:2 | 25459 ||| Stepping ~*~*~tactically~*~*~ (hiding).
 25462 | Shoals:2 | 25462 ||| Stepping ~*~*~tactically~*~*~ (hiding).
 25475 | Shoals:2 | Found Wilu's Weapon Emporium.
 25525 | Shoals:2 | 25525 ||| INVOKING Heroism.
 25572 | Shoals:2 | 25572 ||| INVOKING Heroism.
 25573 | Shoals:2 | 25573 ||| INVOKING Finesse.
 25615 | Shoals:2 | 25615 ||| INVOKING Finesse.
 25616 | Shoals:2 | 25616 ||| INVOKING Heroism.
 25710 | Shoals:2 | 25710 ||| READING scroll of enchant weapon.
 25710 | Shoals:2 | 25710 ||| ENCHANTING +0 vampiric broad axe.
 25797 | Shoals:2 | 25797 ||| Stepping ~*~*~tactically~*~*~ (hiding).
 25800 | Shoals:2 | 25800 ||| Stepping ~*~*~tactically~*~*~ (hiding).
 26176 | Shoals:3 | 26176 ||| INVOKING Heroism.
 26491 | Shoals:3 | 26491 ||| Stepping ~*~*~tactically~*~*~ (hiding).
 26526 | Shoals:3 | 26526 ||| INVOKING Heroism.
 26554 | Shoals:3 | 26554 ||| Stepping ~*~*~tactically~*~*~ (hiding).
 26556 | Shoals:3 | 26556 ||| Stepping ~*~*~tactically~*~*~ (hiding).
 26916 | Shoals:3 | 26916 ||| PLANNING SNAKE:4
 27066 | Snake:4  | Entered Level 4 of the Snake Pit
 27110 | Snake:4  | 27110 ||| Stepping ~*~*~tactically~*~*~ (hiding).
 27111 | Snake:4  | 27111 ||| Stepping ~*~*~tactically~*~*~ (hiding).
 27400 | Snake:4  | 27400 ||| Stepping ~*~*~tactically~*~*~ (hiding).
 27402 | Snake:4  | 27402 ||| Stepping ~*~*~tactically~*~*~ (hiding).
 27422 | Snake:4  | 27422 ||| INVOKING Heroism.
 27700 | Snake:4  | 27700 ||| Stepping ~*~*~tactically~*~*~ (hiding).
 27742 | Snake:4  | 27742 ||| INVOKING Heroism.
 27754 | Snake:4  | Noticed Vashnia
 27776 | Snake:4  | Received a gift from Okawaru
 27784 | Snake:4  | 27784 ||| INVOKING Heroism.
 27829 | Snake:4  | Reached skill level 18 in Axes
 27861 | Snake:4  | Killed Vashnia
 27898 | Snake:4  | 27898 ||| INVOKING Heroism.
 27910 | Snake:4  | Identified the +0 ring mail of Intuition {+Inv rPois
                  | Will+++ Stlth-} (Okawaru gifted it to you on level 4 of the
                  | Snake Pit)
 27910 | Snake:4  | Received a gift from Okawaru
 27920 | Snake:4  | HP: 29/118 [constriction (4)]
 27921 | Snake:4  | 27921 ||| DRINKING 12 potions of heal wounds.
 27922 | Snake:4  | HP: 14/118 [naga warrior/+0 halberd (35)]
 27923 | Snake:4  | 27923 ||| DRINKING 11 potions of heal wounds.
 27924 | Snake:4  | Mangled by a nagaraja

Levels and vault maps discovered:
D:1:      elethiomel_arrival_infinity_welcomes_careful_drivers,
          layout_loops_ring, serial_shops, nicolae_shop_tiny_glass,
          minmay_ruptured
D:2:      layout_rooms
D:3:      layout_rooms, grunt_temple_overflow_order_and_chaos_2,
          mainiacjoe_overflow_concentric_impassable,
          nicolae_tso_carved_into_rock, minmay_starry_boxes
D:4:      layout_cave_pods, mainiacjoe_overflow_cross_hatched, serial_shops,
          shop, uniq_ijyb
D:5:      layout_rooms, okawaru_metal_pillars_1_2,
          minmay_temple_entry_large_hall, gup_ossuary_entry_pyramid,
          serial_shops, shop, nrook_uturn, kennysheep_diamond
D:6:      layout_basic, mainiacjoe_overflow_brackets, gammafunk_ghost_cemetery
D:7:      layout_loops_ring, lemuel_round_altar, uniq_prince_ribbit1,
          uniq_joseph
D:8:      layout_basic, nicolae_elyvilon_peaceful_grove, serial_shops,
          shop_statue, kennysheep_generic_room_5, uniq_erica, uniq_maurice
D:9:      layout_loops_ring, due_lair_maze_entry_diamond, wad_floor_pattern_1,
          minmay_misc_feat_rugged, nicolae_specific_store
D:10:     layout_irregular_city, hiddenorc1_lemuel, uniq_fannar
D:11:     layout_irregular_city, serial_shops, shop
D:12:     layout_loops_ring, nicolae_trove_entry_crossroad,
          nicolae_stop_n_shop_2, nicolae_zen_rock_garden, vehumet_crystals,
          uniq_sonja
D:13:     layout_layer_cave, david_vaults_4, serial_shops,
          nicolae_shop_window_shopping, nicolae_ru_sacrificial_ziggurat,
          uniq_nessos, uniq_urug, uniq_jorgrun, uniq_lodul
D:14:     layout_stronghold, serial_shops, nicolae_shop_peninsula,
          nicolae_twisting_strands, uniq_rupert
D:15:     gammafunk_depths_entry_grave, layout_loops_ring, grunt_decor_fettered,
          gammafunk_ghost_wrathful_warriors
Lair:1:   layout_regular_city, nicolae_quartered_pool_medium, uniq_amaemon,
          uniq_maggie
Lair:2:   beargit_carnivore_pack, layout_chaotic_city, shoals_dummy_entry,
          serial_bayou_shore_a
Lair:3:   layout_roguey, minmay_snake_entry_spellcaster, serial_forest,
          infiniplex_forest_lined_2, infiniplex_forest_end_2,
          infiniplex_forest_lined_3, infiniplex_forest_lined_3, special_room
          [special_room_bee], beast_lair_carwin_9
Lair:4:   nzn_winding_woodlands_three_and_one
          [nzn_winding_woodlands_5x15_sawtooth,
          nzn_winding_woodlands_5x15_garden, nzn_winding_woodlands_5x15_pockets,
          nzn_winding_woodlands_center_lodge], layout_cave_shapes,
          dpeg_slime_entry_enclosed, gammafunk_ghost_grave
Lair:5:   wormcave, layout_layer_cave, pdpol_lair_neglected_garden, st_stairs_5,
          lemuel_oklob_altar
Shoals:1: layout_shoals, lemuel_altar_in_water
Shoals:2: layout_shoals, serial_shops, shop_fountains
Shoals:3: layout_shoals, nicolae_shoals_circle_sea_wall
Snake:1:  layout_rooms, serial_shops, shop, nicolae_shop_mannequins,
          nicolae_shop_overgrown_old_shop, shop, st_stairs_7,
          nicolae_shop_gadgets
Snake:2:  layout_honeycomb, nicolae_shop_sticking_my_neck_out
Snake:3:  layout_cave_shapes, serial_shops, shop_statue, ebering_ghost_gozag,
          serial_bayou_pond_e, hangedman_corner_corridor, grunt_megastairs_1
Snake:4:  johnstein_snake_rune_scales, layout_chambers, abandoned_shop,
          serial_bayou_shore_b, serial_bayou_shore_b
Orc:1:    layout_caves
Orc:2:    st_orc_rangers, layout_caves, dreamdust_deal_with_the_devil,
          uniq_donald

Skill      XL: |  1  2  3  4  5  6  7  8  9 10 11 12 13 14 15 16 17 |
---------------+----------------------------------------------------+-----
Axes           | 2 3 4 5 6 7 9 10 11 12 14 15 16 18 | 18.0
Fighting       | 4 5 6 7 8 10 11 12 13 | 13.0
Dodging        | 2 3 |  3.0
Shields        | 8 10 11 13 14 15 16 17 | 17.6
Invocations    | 4 6 10 | 10.0
Armour         | 5 6 7 9 11 12 | 12.2
Throwing       | 3 4 5 6 7 |  7.0

Action                     |  1- 3 |  4- 6 |  7- 9 | 10-12 | 13-15 | 16-18 || total
---------------------------+-------+-------+-------+-------+-------+-------++-------
  Melee: War axe           |    97 |    59 |   259 |   174 |       |       ||   589
         Broad axe         |       |       |       |   264 |  1187 |  1061 ||  2512
         Hand axe          |       |       |       |       |    56 |       ||    56
  Throw: Javelin           |       |       |       |    64 |   173 |    34 ||   271
         Boomerang         |       |       |       |    17 |     2 |       ||    19
 Invoke: Heroism           |       |       |     4 |    18 |    31 |    18 ||    71
         Finesse           |       |       |       |       |     9 |     2 ||    11
    Use: Scroll            |     6 |     6 |    13 |     1 |     8 |     2 ||    36
         Potion            |       |     6 |     5 |     2 |     5 |     2 ||    20
 Armour: Scale mail        |    52 |     8 |       |       |       |       ||    60
         Chain mail        |       |    15 |    86 |       |       |       ||   101
         Pearl dragon scal |       |       |     7 |   208 |   135 |       ||   350
         Skin              |       |       |     1 |       |       |       ||     1
         Plate armour      |       |       |       |       |   250 |   317 ||   567
  Dodge: Dodged            |    47 |    21 |    68 |   263 |   364 |   196 ||   959
  Block: Buckler           |    15 |    11 |     8 |       |       |       ||    34
         Tower shield      |       |       |    92 |   478 |  1300 |  1212 ||  3082

Table legend:
 A = Non-vault XP
 B = Vault XP
 C = Vault XP percentage of total XP
 D = Non-vault monster count
 E = Vault monster count
 F = Vault count percentage of total count
                 A         B        C        D         E       F
            +---------+---------+-------+---------+---------+-------
      Total |  165062 |   70785 |  30.0 |     629 |     207 |  24.8
            +---------+---------+-------+---------+---------+-------
        D:1 |      44 |       8 |  15.4 |      23 |       4 |  14.8
        D:2 |      58 |       0 |   0.0 |      15 |       0 |   0.0
        D:3 |      64 |       2 |   3.0 |      16 |       2 |  11.1
        D:4 |     254 |      32 |  11.2 |      22 |       1 |   4.3
        D:5 |     877 |     108 |  11.0 |      24 |       4 |  14.3
        D:6 |    1432 |       0 |   0.0 |      16 |       0 |   0.0
        D:7 |     675 |     716 |  51.5 |      17 |       2 |  10.5
        D:8 |    1311 |    1506 |  53.5 |      17 |       4 |  19.0
        D:9 |    1977 |    1630 |  45.2 |      29 |      11 |  27.5
       D:10 |    2344 |    1094 |  31.8 |      17 |      18 |  51.4
       D:11 |    1908 |       0 |   0.0 |       8 |       0 |   0.0
       D:12 |    3951 |     776 |  16.4 |      12 |       1 |   7.7
       D:13 |    4292 |    8288 |  65.9 |      18 |      18 |  50.0
       D:14 |    9224 |    1780 |  16.2 |      24 |       1 |   4.0
       D:15 |   10127 |    4403 |  30.3 |      24 |       8 |  25.0
     Lair:1 |    8096 |    1576 |  16.3 |      25 |       3 |  10.7
     Lair:2 |    1731 |    1084 |  38.5 |       5 |       3 |  37.5
     Lair:3 |    8167 |    2124 |  20.6 |      35 |      18 |  34.0
     Lair:4 |    6161 |    5164 |  45.6 |      19 |      11 |  36.7
     Lair:5 |    6913 |    7034 |  50.4 |      26 |      21 |  44.7
   Shoals:1 |   11798 |       0 |   0.0 |      23 |       0 |   0.0
   Shoals:2 |   12261 |       0 |   0.0 |      28 |       0 |   0.0
   Shoals:3 |   11394 |       0 |   0.0 |      23 |       0 |   0.0
    Snake:1 |   11639 |    1409 |  10.8 |      24 |       3 |  11.1
    Snake:2 |   10521 |       0 |   0.0 |      18 |       0 |   0.0
    Snake:3 |   20696 |    5574 |  21.2 |      38 |       8 |  17.4
    Snake:4 |   10165 |   20781 |  67.2 |      19 |      31 |  62.0
      Orc:1 |    2798 |       0 |   0.0 |      25 |       0 |   0.0
      Orc:2 |    4184 |    5696 |  57.7 |      39 |      35 |  47.3
            +---------+---------+-------+---------+---------+-------
